Map: 2000 Atmospheres LE

Players

DnS

  • Race: Protoss Protoss

Lambo - Winner!

  • Race: Zerg Zerg
  • League: Grandmaster

Event: DreamHack SC2 Masters Last Chance 2022

VOD

Have the link to the VOD?

Description

Time

  • Played on: Dec. 17, 2021, 1:36 p.m.
  • Length: 11:10

All games in this series

Show
View Real Time Build Order
Export as new Build Order

DnS Protoss 

Build Orders: 1 Gate Expand, Oracle Opening, Zealot Archon 

Get SALT Encoding   

  12  0:00  Probe  
  13  0:12  Probe  
  14  0:19  Pylon  
  14  0:24  Probe  
  15  0:37  Probe (Chrono Boost)  
  16  0:43  Gateway  
  16  0:47  Probe (Chrono Boost)  
  17  0:50  Assimilator  
  17  0:52  Probe (Chrono Boost)  
  18  1:03  Probe  
  19  1:15  Probe  
  20  1:25  Nexus  
  20  1:37  Cybernetics Core  
  20  1:39  Probe  
  21  1:47  Assimilator  
  21  1:51  Probe  
  22  1:55  Pylon  
  22  2:03  Probe  
  23  2:10  Adept (Chrono Boost)  
  23  2:14  Warp Gate  
  25  2:15  Probe (Chrono Boost)  
  26  2:25  Probe (Chrono Boost)  
  26  2:27  Stargate  
  27  2:30  Probe (Chrono Boost)  
  27  2:34  Adept (Chrono Boost)  
  30  2:37  Probe  
  31  2:44  Probe  
  31  2:50  Probe  
  33  2:56  Adept, Probe  
  36  3:02  Probe  
  36  3:03  Void Ray (Chrono Boost)  
  37  3:08  Probe  
  42  3:13  Pylon  
  42  3:14  Probe  
  43  3:20  Probe  
  43  3:24  Gateway  
  43  3:26  Probe  
  43  3:38  Probe x2 (Chrono Boost)  
  43  3:39  Oracle  
  48  3:43  Assimilator  
  48  3:45  Assimilator  
  48  3:49  Pylon  
  48  3:54  Probe x2 (Chrono Boost)  
  48  3:59  Probe (Chrono Boost)  
  48  4:01  Probe  
  50  4:09  Fleet Beacon  
  50  4:11  Probe  
  50  4:12  Zealot  
  50  4:13  Probe  
  54  4:23  Probe  
  55  4:25  Probe, Stargate  
  56  4:34  Nexus  
  56  4:38  Pylon  
  56  4:40  Probe  
  56  4:43  Forge  
  57  4:46  Pylon  
  57  4:54  Probe x2  
  57  4:57  Tempest (Chrono Boost)  
  64  5:08  Tempest (Chrono Boost)  
  64  5:12  Probe, Shield Battery  
  64  5:13  Probe  
  71  5:24  Probe, Flux Vanes  
  72  5:30  Void Ray (Chrono Boost), Probe  
  77  5:39  Probe  
  77  5:40  Void Ray (Chrono Boost)  
  77  5:41  Photon Cannon  
  78  5:45  Probe  
  78  5:46  Probe, Pylon  
  78  5:48  Pylon  
  84  5:52  Probe  
  85  5:58  Probe  
  85  6:00  Protoss Ground Weapons Level 1  
  85  6:01  Twilight Council  
  85  6:02  Robotics Facility  
  85  6:03  Probe  
  87  6:05  Assimilator  
  87  6:06  Assimilator  
  87  6:13  Probe  
  87  6:15  Void Ray  
  88  6:24  Probe x2  
  94  6:26  Probe  
  94  6:28  Sentry  
  97  6:36  Probe  
  98  6:41  Probe  
  98  6:42  Charge  
  99  6:49  Gateway  
  99  6:50  Observer (Chrono Boost)  
  99  6:51  Gateway, Probe x2  
  99  6:53  Gateway  
  102  6:55  Gateway  
  102  6:57  Probe  
  102  6:58  Gateway x2  
  103  7:05  Templar Archives  
  103  7:07  Gateway  
  103  7:10  Void Ray  
  107  7:23  Zealot  
  107  7:25  Pylon x2  
  107  7:26  Pylon  
  107  7:28  Gateway  
  109  7:32  Gateway  
  109  7:43  Immortal (Chrono Boost), Probe, High Templar  
  109  7:44  Carrier, High Templar  
  124  7:51  Archon  
  124  7:52  Zealot x4  
  124  7:53  Void Ray  
  124  7:55  Pylon  
  132  8:02  Protoss Ground Weapons Level 2 (Chrono Boost)  
  131  8:11  Immortal (Chrono Boost)  
  131  8:12  Pylon  
  131  8:14  Pylon  
  135  8:24  High Templar x2  
  139  8:30  Archon  
  139  8:36  Zealot x8  
  139  8:37  Probe  
  155  8:41  Warp Prism (Chrono Boost)  
  155  8:46  Blink  
  157  8:50  Photon Cannon  
  157  8:52  Nexus  
  157  8:54  Pylon  
  154  8:56  High Templar  
  154  9:00  Pylon  
  154  9:01  Pylon  
  156  9:13  Photon Cannon  
  156  9:15  High Templar x3  
  162  9:20  Archon x2  
  162  9:22  Photon Cannon  
  162  9:23  Zealot  
  162  9:24  Zealot x2  
  168  9:30  Zealot x4  
  176  9:33  Photon Cannon  
  176  9:34  Pylon  
  146  9:47  Zealot x3  
  146  9:48  Immortal  
  148  9:55  Sentry x2  
  148  9:56  High Templar x2, Sentry  
  148  9:57  Zealot x2  
  158  10:06  Archon  
  156  10:10  Zealot  
  158  10:14  Zealot x2  
  158  10:16  Probe x3  
  158  10:17  Probe  
  166  10:27  Zealot x4  
  168  10:29  Zealot x3  
  168  10:34  Zealot  
  121  10:39  Zealot  
  99  10:45  High Templar x2  
  99  10:48  Shield Battery  
  99  10:49  Archon  
  96  10:52  High Templar  
  96  10:53  Zealot x5, High Templar  
  108  10:59  High Templar  
Show
View Real Time Build Order
Export as new Build Order

Lambo Zerg - Winner!

Build Orders: Hatch First 

Get SALT Encoding   

  12  0:00  Drone  
  13  0:12  Overlord  
  13  0:16  Drone  
  14  0:30  Drone x2  
  16  0:42  Drone  
  17  0:50  Hatchery  
  17  0:54  Drone  
  17  0:57  Drone  
  18  1:07  Extractor  
  17  1:13  Spawning Pool  
  17  1:17  Drone  
  17  1:20  Drone  
  18  1:27  Drone  
  19  1:38  Drone  
  20  1:49  Overlord  
  20  2:00  Queen  
  22  2:02  Queen  
  22  2:03  Drone, Zergling x2  
  26  2:12  Metabolic Boost  
  26  2:14  Drone  
  26  2:15  Zergling x2  
  28  2:21  Drone  
  29  2:25  Drone  
  30  2:34  Drone  
  31  2:37  Hatchery  
  31  2:40  Drone  
  31  2:45  Queen  
  31  2:50  Overlord  
  33  2:52  Drone  
  33  2:57  Drone x2  
  36  3:10  Zergling x4  
  36  3:12  Zergling x2  
  39  3:13  Queen, Overlord  
  39  3:16  Drone x2  
  44  3:20  Drone  
  44  3:28  Overlord  
  44  3:31  Queen  
  44  3:33  Drone x2  
  46  3:37  Drone  
  46  3:43  Overlord  
  46  3:46  Drone  
  46  3:47  Drone x2  
  49  3:51  Drone  
  49  3:52  Drone  
  49  3:55  Drone  
  52  3:57  Overlord  
  52  3:59  Drone  
  53  4:03  Drone x2  
  53  4:09  Spore Crawler  
  54  4:11  Queen  
  54  4:13  Drone x2  
  54  4:16  Drone x2  
  60  4:17  Drone  
  60  4:20  Overlord  
  60  4:22  Drone  
  63  4:24  Drone  
  63  4:25  Drone  
  63  4:26  Drone  
  64  4:34  Drone x2  
  64  4:35  Roach Warren  
  64  4:36  Drone x2  
  67  4:39  Drone x2  
  67  4:44  Lair  
  69  4:45  Drone  
  69  4:46  Drone  
  69  4:50  Drone x3  
  69  4:51  Drone  
  74  4:54  Drone  
  74  4:56  Drone x2  
  74  4:59  Queen, Extractor  
  76  5:01  Extractor  
  76  5:02  Overlord  
  76  5:04  Drone  
  76  5:05  Overlord  
  78  5:08  Drone x2  
  78  5:12  Extractor  
  78  5:13  Drone x3, Extractor  
  78  5:14  Drone  
  82  5:16  Extractor  
  82  5:17  Drone  
  82  5:20  Queen  
  84  5:21  Evolution Chamber  
  84  5:25  Overlord  
  84  5:26  Zergling x4  
  84  5:28  Drone x2  
  87  5:29  Overlord  
  87  5:31  Roach x2  
  87  5:33  Overlord  
  91  5:36  Roach  
  91  5:37  Overlord  
  91  5:39  Drone x3  
  96  5:44  Overlord  
  96  5:49  Overlord x2  
  95  5:54  Spire  
  94  5:57  Drone x6  
  100  6:06  Hatchery  
  100  6:09  Drone x5  
  104  6:15  Zerg Missile Weapons Level 1, Glial Reconstitution  
  103  6:19  Queen  
  103  6:21  Drone x4  
  103  6:24  Overseer  
  109  6:28  Drone x6  
  109  6:29  Drone  
  116  6:33  Drone x3  
  116  6:39  Overlord  
  118  6:41  Overlord  
  118  6:45  Drone x4  
  121  6:47  Extractor  
  121  6:50  Extractor  
  119  6:58  Queen x3  
  122  7:07  Hatchery  
  121  7:14  Corruptor  
  121  7:15  Corruptor x7  
  133  7:18  Zerg Flyer Weapons Level 1  
  133  7:25  Corruptor x3  
  139  7:31  Corruptor x2  
  143  7:39  Drone x3  
  145  7:46  Infestation Pit  
  145  7:47  Hatchery  
  145  7:50  Roach x5  
  153  7:53  Corruptor  
  153  8:02  Drone x3  
  156  8:05  Baneling Nest  
  156  8:09  Overseer  
  159  8:15  Overlord x3  
  159  8:19  Roach x2  
  165  8:22  Hive  
  159  8:27  Roach  
  159  8:28  Roach x3  
  159  8:29  Ravager  
  159  8:31  Overlord  
  168  8:36  Overlord  
  168  8:37  Zergling x14  
  168  8:41  Zerg Missile Weapons Level 2  
  174  8:42  Roach x3  
  174  8:43  Ravager x3  
  185  8:48  Roach x2  
  185  8:49  Roach  
  188  8:57  Spore Crawler  
  188  9:00  Drone x2  
  188  9:01  Centrifugal Hooks  
  189  9:03  Baneling x11  
  189  9:06  Drone x2  
  189  9:09  Spore Crawler  
  190  9:10  Overseer  
  190  9:13  Pneumatized Carapace  
  190  9:18  Zergling x20  
  190  9:21  Baneling x6  
  200  9:26  Extractor  
  200  9:27  Spine Crawler, Extractor  
  197  9:35  Greater Spire  
  197  9:37  Evolution Chamber  
  196  9:42  Zergling x14  
  196  9:45  Zergling x10  
  188  9:47  Zergling x24  
  188  9:52  Zergling x10  
  193  9:58  Roach x3  
  196  10:00  Roach  
  196  10:03  Baneling x20  
  196  10:05  Ravager  
  197  10:09  Baneling x9  
  197  10:10  Roach  
  197  10:12  Baneling  
  199  10:15  Baneling x2  
  199  10:22  Spine Crawler  
  181  10:29  Roach x11  
  181  10:32  Roach x2  
  181  10:34  Roach x2  
  175  10:37  Roach x2  
  175  10:41  Zergling x14  
  175  10:44  Zergling x8  
  175  10:46  Ravager  
  175  10:48  Zergling x8  
  184  10:50  Ravager  
  184  10:52  Ravager  

Tags
 
Add a new tag
Caveats
  • Supply blocks, unpowered buildings, or Contaminate may cause inaccurate times.
  • Supply counts are checked every 10 seconds.